 Dungeon Crawl Stone Soup version 0.22.0-60-ga52c2fc (webtiles) character file.

14587 shmeve the Cleaver (level 11, -5/104 HPs)
             Began as a Deep Dwarf Berserker on Sept 10, 2018.
             Was a High Priest of Trog.
             Slain by a red devil
             ... wielding a +1 demon trident of electrocution
             ... summoned by Frances
              (11 damage)
             ... on level 12 of the Dungeon.
             The game lasted 00:35:26 (11104 turns).

shmeve the Cleaver (Deep Dwarf Berserker)          Turns: 11104, Time: 00:35:26

Health: -5/104     AC: 10    Str: 24    XL:     11   Next: 90%
Magic:  4/4        EV: 12    Int: 11    God:    Trog [*****.]
Gold:   244        SH: 12    Dex: 12    Spells: 10/10 levels left

rFire    . . .     SeeInvis .   E - +0 broad axe
rCold    . . .     Gourm    .   y - +0 shield
rNeg     . . .     Faith    .   I - +10 plate armour {ponderous}
rPois    .         Spirit   .   F - +0 helmet
rElec    .         Reflect  .   M - +1 cloak
rCorr    .         Harm     .   (no gloves)
MR       +....                  (no boots)
Stlth    ..........             (no amulet)
HPRegen  0.00/turn              B - +3 ring of intelligence
MPRegen  0.09/turn              O - +3 ring of evasion

@: lethally poisoned (-5 -> -5), corroded, berserk cooldown, non-regenerating,
slowed, very slow
A: damage resistance, heal wounds, sense surroundings 2, no regeneration
a: Heal Wounds, Berserk, Trog's Hand, Brothers in Arms, Renounce Religion


You were on level 12 of the Dungeon.
You worshipped Trog.
Trog was extremely pleased with you.
You were hungry.

You visited 1 branch of the dungeon, and saw 12 of its levels.
You also visited: Bailey.

You collected 898 gold pieces.
You spent 654 gold pieces at shops.

Inventory:

Hand Weapons
 p - a +0 hunting sling
 E - a +0 broad axe (weapon)
Missiles
 w - 119 sling bullets
Armour
 y - a +0 shield (worn)
 F - a +0 helmet (worn)
 I - a +10 plate armour of ponderousness (worn)
 M - a +1 cloak (worn)
Jewellery
 u - an uncursed ring of flight
 B - a +3 ring of intelligence (left hand)
 O - a +3 ring of evasion (right hand)
Wands
 C - a wand of polymorph (8)
 G - a wand of flame (49)
 J - a wand of iceblast (6)
Scrolls
 a - a scroll of enchant weapon {unknown}
 d - 9 scrolls of teleportation {unknown}
 e - 2 scrolls of remove curse
 f - 3 scrolls of fog {unknown}
 g - 2 scrolls of fear {unknown}
 h - 4 scrolls of magic mapping {unknown}
 i - 17 scrolls of identify
 k - 4 scrolls of enchant armour {unknown}
 v - a scroll of random uselessness {unknown}
 x - 4 scrolls of blinking {unknown}
 A - 2 scrolls of immolation {unknown}
 D - a scroll of holy word {unknown}
 H - 2 scrolls of amnesia {unknown}
 L - a scroll of torment {unknown}
Potions
 b - a potion of mutation {unknown}
 j - 4 potions of agility {unknown}
 l - a potion of haste {unknown}
 m - a potion of flight {unknown}
 n - 2 potions of degeneration {unknown}
 o - 4 potions of brilliance {unknown}
 q - a potion of resistance {unknown}
 r - 5 potions of curing {unknown}
 s - 3 potions of cancellation {unknown}
 z - a potion of heal wounds
 K - a potion of ambrosia {unknown}
Comestibles
 c - 25 rations


   Skills:
 * Level 8.5 Fighting
 * Level 10.1 Axes
 + Level 8.7 Slings
 - Level 1.0(4.6) Throwing
 + Level 7.2 Armour
 + Level 7.2 Dodging
 * Level 10.0 Shields


You had 10 spell levels left.
You didn't know any spells.
Your spell library was empty.

Dungeon Overview and Level Annotations

Branches:
Dungeon (12/15)            Temple (0/1) D:7            Lair (0/6) D:8
    Orc (0/2) D:9

Altars:
Cheibriados
Dithmenos
Elyvilon
Fedhas
Okawaru
Ru
Trog
Uskayaw
Vehumet
Wu Jian
Xom
The Shining One

Shops:
D:5 (   D:8 [

Annotations:
D:12 Frances


Innate Abilities, Weirdness & Mutations

You are resistant to damage.
You can heal yourself by infusing magical energy.
You passively map the area around you.
You do not regenerate.


Message History

The killer bee barely misses you.
The killer bee stings you but does no damage.
The killer bee misses you.
You slash Frances!
Frances is heavily wounded.
You hit the rust devil but do no damage.
You slash the killer bee!
You kill the killer bee!
Trog accepts your kill.
You hit the killer bee. x2; You slash the killer bee!
You are no longer berserk.
You are exhausted.
You feel yourself slow down. You block the killer bee's attack.
Frances completely misses you.
The killer bee stings you but does no damage.
The killer bee closely misses you. The red devil misses you.
The red devil hits you from afar with a demon trident of electrocution!
* * * LOW HITPOINT WARNING * * *
You are electrocuted!
You die...

*, .### #.. , , ,
.....####..#....... ,* ,
...........#.......,
..........#........ *
...........#........,,
.................... ,*
,,,..........#.o.o.....,,
* , ,..........#yyy4.....
, **
..........#.†@@oo....
,,..........#...44..... ,
##........#..........
.#*#........##..........
*
..##........#...........,
...#........##..........,
,
............###.........
* ............#
##........ ,
...........## , ,


You could see Frances, a rust devil, 2 red devils, an orc warrior, 3 killer
bees, an orc priest and 2 orcs.

Vanquished Creatures
  Erolcha (D:9)
  A two-headed ogre (D:8)
  An unseen horror (D:12)
  Pikel (D:5)
  An orc knight (Bailey)
  2 ugly things
  Maurice (D:9)
  Joseph (D:7)
  A gargoyle (D:11)
  A komodo dragon (D:12)
  A troll (D:10)
  A hornet (D:10)
  A hippogriff (D:11)
  The ghost of Cheops the Firebug, an amateur DEFE (D:3)
  Sigmund (D:4)
  A wyvern (D:9)
  A wraith (D:11)
  4 yaks (D:11)
  Eustachio (D:4)
  A basilisk (D:11)
  A hungry ghost (D:9)
  A steam dragon (D:12)
  Edmund (D:4)
  A soldier ant (D:12)
  Duvessa (D:6)
  9 orc warriors
  4 sky beasts
  A hornet zombie (D:11)
  Purgy (D:4)
  A phantom (D:6)
  4 black bears
  A necrophage (D:8)
  10 ogres
  9 centaurs
  Blork the orc (D:4)
  2 big kobolds
  4 bullfrogs
  Dowan (D:6)
  A water moccasin zombie (D:7)
  A scorpion (D:7)
  26 killer bees
  2 jellies
  5 wights (D:9)
  4 crimson imps
  5 howler monkeys
  2 bullfrog zombies
  3 quasits
  2 centaur skeletons
  6 hounds
  12 orc wizards
  2 bullfrog skeletons (D:7)
  6 orc priests
  An iguana (D:7)
  3 worker ants
  7 gnolls
  15 adders
  3 shadow imps
  5 oozes
  2 adder zombies
  2 adder skeletons
  5 worms
  5 dart slugs
  12 leopard geckos
  38 orcs
  2 ball pythons
  4 giant cockroaches
  7 goblins
  11 hobgoblins
  16 jackals
  4 quokkas
  5 bats
  7 frilled lizards
  19 kobolds
  A quokka skeleton (D:7)
  4 rats
  16 fungi (D:3)
348 creatures vanquished.

Notes
Turn   | Place    | Note
-------+----------+-------------------------------------------
     0 | D:1      | shmeve the Deep Dwarf Berserker began the quest for the
                  | Orb.
     0 | D:1      | Reached XP level 1. HP: 20/20 MP: 1/1
    42 | D:1      | Reached XP level 2. HP: 25/27 MP: 2/2
   401 | D:1      | Reached XP level 3. HP: 22/34 MP: 3/3
   634 | D:1      | Reached ** piety under Trog
   983 | D:2      | Reached skill level 1 in Throwing
   983 | D:2      | Reached XP level 4. HP: 15/42 MP: 4/4
  1668 | D:3      | Noticed Cheops's ghost (amateur DEFE)
  1682 | D:3      | Found a runed gate.
  1688 | D:3      | Found a runed gate.
  1715 | D:3      | Reached XP level 5. HP: 50/50 MP: 5/5
  1740 | D:3      | Reached skill level 1 in Slings
  1767 | D:3      | Found a runed gate.
  1785 | D:3      | Killed Cheops's ghost
  1785 | D:3      | Reached skill level 5 in Axes
  1785 | D:3      | Reached XP level 6. HP: 57/57 MP: 6/6
  1945 | D:3      | Reached *** piety under Trog
  2745 | D:4      | Noticed Edmund
  2755 | D:4      | Killed Edmund
  2755 | D:4      | Reached XP level 7. HP: 65/66 MP: 7/7
  2824 | D:4      | Noticed Blork the orc
  2836 | D:4      | Killed Blork the orc
  3081 | D:4      | Noticed Eustachio
  3128 | D:4      | Killed Eustachio
  3128 | D:4      | Reached skill level 5 in Fighting
  3139 | D:4      | Noticed Purgy
  3156 | D:4      | Killed Purgy
  3358 | D:4      | Noticed Sigmund
  3377 | D:4      | Killed Sigmund
  3377 | D:4      | Reached XP level 8. HP: 60/75 MP: 7/7
  3781 | D:5      | Entered Level 5 of the Dungeon
  3787 | D:5      | Found a glowing golden altar of the Shining One.
  3798 | D:5      | Found Jokaabb's Antique Weapon Boutique.
  3813 | D:5      | Found a hide-covered altar of Uskayaw.
  4039 | D:5      | Noticed Pikel
  4047 | D:5      | Killed Pikel
  4047 | D:5      | Reached skill level 5 in Armour
  4047 | D:5      | Reached skill level 5 in Dodging
  4955 | D:5      | Gained mutation: You passively map the area around you.
                  | [Deep Dwarf growth]
  4955 | D:5      | Reached XP level 9. HP: 66/84 MP: 7/7
  5125 | D:5      | Found a sacrificial altar of Ru.
  5369 | D:6      | Found a bloodstained altar of Trog.
  5405 | D:6      | Noticed Duvessa
  5413 | D:6      | Noticed Dowan
  5418 | D:6      | Killed Duvessa
  5421 | D:6      | Killed Dowan
  5421 | D:6      | Reached skill level 5 in Slings
  5427 | D:6      | Reached **** piety under Trog
  6051 | D:7      | Noticed Joseph
  6063 | D:7      | Killed Joseph
  6350 | D:7      | Found a staircase to the Ecumenical Temple.
  6352 | D:7      | Found a faded altar of an unknown god.
  6559 | D:7      | Found an iron altar of Okawaru.
  6596 | D:7      | Reached XP level 10. HP: 88/94 MP: 7/7
  7235 | D:8      | Found Ophaomp's Armour Shoppe.
  7243 | D:8      | Bought a +0 shield for 54 gold pieces
  7250 | D:8      | Noticed a two-headed ogre
  7259 | D:8      | Killed a two-headed ogre
  7324 | D:8      | Found a shadowy altar of Dithmenos.
  7324 | D:8      | Found a snail-covered altar of Cheibriados.
  7326 | D:8      | Found a white marble altar of Elyvilon.
  7326 | D:8      | Found an ornate altar of the Wu Jian Council.
  7328 | D:8      | Found a blossoming altar of Fedhas.
  7328 | D:8      | Found a radiant altar of Vehumet.
  7494 | D:8      | Bought a +10 plate armour of ponderousness for 600 gold
                  | pieces
  7567 | D:8      | Found a staircase to the Lair.
  7632 | D:8      | Found a shimmering altar of Xom.
  7757 | D:9      | Noticed Erolcha
  7765 | D:9      | Killed Erolcha
  7871 | D:9      | Reached skill level 5 in Shields
  7887 | D:9      | Found a staircase to the Orcish Mines.
  7912 | D:9      | Noticed Maurice
  7945 | D:9      | Killed Maurice
  8013 | D:9      | Received a gift from Trog
  8448 | D:9      | Reached XP level 11. HP: 76/102 MP: 7/7
  8665 | D:10     | Entered Level 10 of the Dungeon
  8926 | D:10     | Paralysed by a hornet for 2 turns
  9144 | D:11     | Found a flagged portal.
  9149 | D:11     | Received a gift from Trog
  9207 | Bailey   | Entered a bailey
  9265 | Bailey   | Noticed an orc knight
  9358 | Bailey   | Killed an orc knight
  9358 | Bailey   | Reached ***** piety under Trog
 10196 | D:11     | Received a gift from Trog
 10292 | D:11     | Noticed a white ugly thing
 10303 | D:11     | Killed a white ugly thing
 10525 | D:11     | Identified the Volume of Conjuration
 10545 | D:11     | Got a polished scale mail
 10546 | D:11     | Identified the cursed +0 scale mail "Jylyut" {+Fly MP+9
                  | Str-3 Int+2} (You found it on level 11 of the Dungeon)
 10864 | D:12     | Noticed a white ugly thing
 10886 | D:12     | Reached skill level 10 in Axes
 10898 | D:12     | Killed a white ugly thing
 10923 | D:12     | Killed an unseen horror
 10923 | D:12     | Reached skill level 10 in Shields
 11089 | D:12     | Noticed Frances
 11104 | D:12     | Slain by a red devil

Skill      XL: |  1  2  3  4  5  6  7  8  9 10 11 |
---------------+----------------------------------+-----
Fighting       | 3 4 5 6 7 8 |  8.5
Throwing       | 1 |  1.0
Axes           | 4 5 6 7 9 10 | 10.1
Armour         | 3 4 5 6 7 |  7.2
Dodging        | 3 4 5 6 7 |  7.2
Slings         | 1 2 3 4 5 8 |  8.7
Shields        | 7 10 | 10.0

Action                   |  1- 3 |  4- 6 |  7- 9 | 10-12 || total
-------------------------+-------+-------+-------+-------++-------
Melee: Hand axe          |    95 |   258 |    36 |       ||   389
       War axe           |       |       |   315 |   112 ||   427
       Battleaxe         |       |       |     9 |   195 ||   204
       Unarmed           |       |       |       |    18 ||    18
       Broad axe         |       |       |       |   319 ||   319
 Fire: Hunting sling     |       |       |     9 |    89 ||    98
Invok: Trog's Hand       |     1 |     2 |    10 |    11 ||    24
       Berserk           |       |     2 |     5 |     5 ||    12
 Abil: Heal Wounds       |       |     7 |    14 |     5 ||    26
       Evoke Flight      |       |       |       |     1 ||     1
Evoke: Wand              |     1 |       |       |       ||     1
  Use: Scroll            |       |     1 |     1 |     1 ||     3
 Stab: Sleeping          |     1 |       |       |       ||     1
       Distracted        |       |     1 |       |       ||     1
  Eat: Chunk             |     1 |     7 |    19 |    26 ||    53
       Ration            |       |       |     1 |     5 ||     6
Armor: Animal skin       |    13 |    26 |     5 |       ||    44
       Scale mail        |       |       |   230 |    14 ||   244
       Plate armour      |       |       |       |   647 ||   647
       Skin              |       |       |       |     1 ||     1
Dodge: Dodged            |    92 |   103 |   344 |   448 ||   987
Block: Shield            |       |       |       |   420 ||   420
